AoeStats
← JIJINz

Oasis

508865198Analyzed
4v4 RM · 9d ago on Sep 24, 2026· 36m 50s· 8 players
Game mode
Random Map
Map size
Large (8 player)
Population
200
Speed
Normal
Resources
Standard
Victory
Conquest
Starting age
Dark Age
Ending age
Imperial Age
RankedLock teamsTeams togetherTeam positionsShared explorationLock speedFull tech treeHidden civsTurbo modeCheats
Victory
Defeat
🇬🇧 Mongols · United Kingdom
1755
+12
🇦🇷 Italians · Argentina
1614
+18
1601
+18
🇹🇼 Khmer · Taiwan
1509
+22
1700
-19
🇨🇳 Poles · China
1680
-19
🇪🇸 Franks · Spain
1664
-18
🇯🇵 Dravidians · Japan
1564
-14
小白
6:16 Loom
8:47 Feudal Age
9:39 Double-Bit Axe
12:19 Bloodlines
12:17 Horse Collar
14:41 Scale Barding Armor
21:01 Forging
27:31 Wheelbarrow
30:23 Castle Age
30:25 Light Cavalry
31:28 Chain Barding Armor
31:19 Husbandry
32:40 Iron Casting
Kamáximo Décimo Meridio
0:29 Loom
9:23 Feudal Age
11:07 Double-Bit Axe
13:37 Fletching
16:09 Padded Archer Armor
20:05 Wheelbarrow
23:23 Castle Age
21:45 Horse Collar
21:56 Gold Mining
22:47 Gold Mining
23:24 Crossbowman
24:02 Bodkin Arrow
24:19 Bow Saw
25:15 Thumb Ring
25:55 Ballistics
26:29 Leather Archer Armor
27:50 Heavy Plow
31:27 Hand Cart
31:01 Town Watch
39:34 Imperial Age
Pelopincho
6:42 Loom
9:05 Feudal Age
9:46 Double-Bit Axe
13:26 Scale Barding Armor
14:10 Forging
17:51 Wheelbarrow
22:58 Castle Age
21:19 Gold Mining
23:18 Light Cavalry
23:58 Husbandry
24:20 Chain Barding Armor
24:36 Iron Casting
24:17 Bow Saw
24:49 Gold Shaft Mining
25:03 Hand Cart
32:17 Stone Mining
JIJINz
5:24 Loom
10:32 Feudal Age
14:18 Double-Bit Axe
18:17 Castle Age
18:24 Fletching
18:34 Padded Archer Armor
18:36 Elite Skirmisher
菜就怪隊友
6:28 Loom
9:21 Feudal Age
10:15 Double-Bit Axe
12:31 Scale Barding Armor
14:05 Forging
15:19 Bloodlines
25:29 Castle Age
23:23 Horse Collar
24:10 Gold Mining
25:29 Light Cavalry
26:31 Chain Barding Armor
26:24 Bow Saw
27:57 Iron Casting
28:15 Wheelbarrow
27:56 Husbandry
29:19 Heavy Plow
34:12 Fletching
37:08 Gold Shaft Mining
TW_Jerry YT @TW-aoe2noobs
5:57 Loom
8:56 Feudal Age
12:40 Fletching
16:23 Padded Archer Armor
27:45 Castle Age
25:59 Gold Mining
28:24 Bodkin Arrow
27:52 Crossbowman
29:46 Wheelbarrow
29:41 Leather Archer Armor
30:34 Ballistics
30:41 Thumb Ring
TW_HIHAO
6:33 Loom
9:02 Feudal Age
9:53 Double-Bit Axe
11:50 Fletching
16:49 Padded Archer Armor
24:29 Castle Age
23:53 Gold Mining
23:47 Horse Collar
25:07 Bodkin Arrow
24:36 Crossbowman
29:18 Ballistics
30:20 Wheelbarrow
30:23 Leather Archer Armor
33:14 Bow Saw
34:18 Heavy Plow
Torpedo
9:05 Feudal Age
9:59 Double-Bit Axe
13:07 Forging
13:03 Scale Barding Armor
12:58 Loom
14:20 Horse Collar
19:07 Bloodlines
21:09 Wheelbarrow
27:39 Castle Age
26:03 Gold Mining
27:52 Light Cavalry
28:53 Chain Barding Armor
29:28 Iron Casting
29:19 Bow Saw
29:26 Heavy Plow
29:51 Husbandry
32:33 Stone Mining
32:31 Town Watch
36:01 Fletching
Connection lost

Rejoining the realm…

Still unreachable

The connection could not be restored.

Session expired

The server has moved on; the page needs a fresh start.